 Dungeon Crawl Stone Soup version 0.18.1-50-g88ac8fd (webtiles) character file.

550 manyhoops the Chucker (level 7, 0/75 HPs)
             Began as an Ogre Hunter on Oct 27, 2016.
             Was an Initiate of Okawaru.
             Slain by a sky beast (5 damage)
             ... on level 5 of the Dungeon.
             The game lasted 00:08:08 (5549 turns).

manyhoops the Chucker (Ogre Hunter)                 Turns: 5549, Time: 00:08:09

Health: 0/75       AC:  5    Str: 20      XL:     7   Next: 29%
Magic:  7/7        EV: 10    Int:  8 (10) God:    Okawaru [......]
Gold:   260        SH:  0    Dex: 10      Spells: 0 memorised, 6 levels left

rFire  . . .     SeeInvis .     v - +1 flail
rCold  . . .     Gourm    .     b - +0 robe
rNeg   . . .     Faith    .     (no shield)
rPois  .         Spirit   .     r - +1 hat
rElec  .         Dismiss  .     g - +0 cloak
rCorr  .         Reflect  .     (gloves unavailable)
SustAt .         Harm     .     (boots unavailable)
MR     .....                    (no amulet)
Stlth  +.........               (no ring)
                                (no ring)

@: confused, not resistant to hostile enchantments, very unstealthy
A: unfitting armour, tough skin 1
a: Renounce Religion


You were on level 5 of the Dungeon.
You worshipped Okawaru.
Okawaru was noncommittal.
You were full.

You visited 1 branch of the dungeon, and saw 5 of its levels.

You collected 260 gold pieces.

Inventory:

Hand Weapons
 v - a +1 flail (weapon)
Missiles
 d - 3 large rocks (quivered)
 e - 6 tomahawks
 k - a throwing net
Armour
 b - a +0 robe (worn)
 g - a +0 cloak (worn)
 r - a +1 hat (worn)
Wands
 s - a wand of confusion (22/48)
Scrolls
 i - 2 scrolls of remove curse
 l - 2 scrolls of magic mapping
 w - a scroll of immolation {unknown}
Potions
 c - a potion of magic
 j - a potion of berserk rage {unknown}
 n - a potion of ambrosia
Miscellaneous
 t - a plain deck of defence
Comestibles
 a - a royal jelly
 f - 7 fruits
 h - 3 meat rations
 m - a bread ration
 p - a beef jerky


   Skills:
 + Level 6.2 Fighting
 + Level 2.4 Maces & Flails
 + Level 7.0 Throwing
 - Level 1.7 Dodging
 - Level 0.7 Stealth


You had 6 spell levels left.
You didn't know any spells.

Dungeon Overview and Level Annotations

Branches:
Dungeon (5/15)
 Temple: D:4-7

Altars:
Ashenzari
Elyvilon
Kikubaaqudgha
Makhleb
Nemelex Xobeh
Okawaru
Pakellas
Ru
Trog
The Shining One

Shops:
D:4 }


Innate Abilities, Weirdness & Mutations

You are too large for most types of armour.
You have tough skin (AC +1).


Message History

The giant frog zombie hits you.
* * * LOW HITPOINT WARNING * * *
The crimson imp hits you.
* * * LOW HITPOINT WARNING * * *
The giant frog zombie hits you but does no damage.
The quokka zombie bites you.
* * * LOW HITPOINT WARNING * * *
The sky beast flickers out of sight!
Deactivating autopickup; reactivate with Ctrl-A.
Something hits you.
* * * LOW HITPOINT WARNING * * *
Something shocks you.
* * * LOW HITPOINT WARNING * * *
The crimson imp hits you.
* * * LOW HITPOINT WARNING * * *
The giant frog zombie hits you.
* * * LOW HITPOINT WARNING * * *
You are confused.
You feel invigorated. The quokka zombie closely misses you. Something hits you.
You die...

* **,,* *#....#* *#......# *,,**
##......# #......# **,,*
##.......## *****##.
*,,*##.(.>.....## ###..
**,,#...........# ##..##
*..........5...# ##..##
*#.............# ##..####
#........{5Z..######.......
###......#)@................ *
####.........Z.................
###................####..........
.##.........######.# #.....|....
..............###### ##.........[
..#.........#....#####..#........
..#........###..........###^.....
.##.......## #..........# #####..
.##......## ##..######.## ###


You could see 2 crimson imps, a quokka zombie and a giant frog zombie.

Vanquished Creatures
  A sky beast (D:4)
  A scorpion (D:5)
  2 orc priests
  2 iguanas
  3 orc wizards
  The ghost of Franakus the Conjurer, a weakling DECj (D:3)
  10 adders
  3 gnolls (D:3)
  An ooze (D:1)
  An adder skeleton (D:4)
  A worm (D:2)
  3 giant geckos
  16 orcs
  A giant cockroach (D:1)
  8 hobgoblins
  3 jackals (D:2)
  A ball python (D:2)
  A ball python zombie (D:5)
  5 bats
  A giant newt (D:2)
  7 goblins
  10 kobolds
  3 rats
  2 toadstools (D:1)
87 creatures vanquished.

Vanquished Creatures (others)
  2 toadstools (D:1)
2 creatures vanquished.

Grand Total: 89 creatures vanquished

Notes
Turn   | Place    | Note
--------------------------------------------------------------
     0 | D:1      | manyhoops the Ogre Hunter began the quest for the Orb.
     0 | D:1      | Reached XP level 1. HP: 22/22 MP: 1/1
   175 | D:1      | Reached XP level 2. HP: 5/29 MP: 2/2
  1104 | D:2      | Reached XP level 3. HP: 36/36 MP: 3/3
  1110 | D:2      | Reached skill level 5 in Throwing
  1412 | D:2      | Reached XP level 4. HP: 32/44 MP: 4/4
  1928 | D:3      | Noticed Franakus's ghost (weakling DECj)
  1930 | D:3      | Killed Franakus's ghost
  1930 | D:3      | Reached skill level 6 in Throwing
  1930 | D:3      | Reached XP level 5. HP: 51/53 MP: 5/5
  3502 | D:3      | Reached XP level 6. HP: 55/63 MP: 6/6
  3515 | D:3      | Reached skill level 1 in Maces & Flails
  4063 | D:4      | Found a shattered altar of Ashenzari.
  4089 | D:4      | Found Duoroz's Gadget Emporium.
  4233 | D:4      | Found a sparkling altar of Nemelex Xobeh.
  4289 | D:4      | Found an oddly glowing altar of Pakellas.
  4335 | D:4      | Found an iron altar of Okawaru.
  4347 | D:4      | Found an ancient bone altar of Kikubaaqudgha.
  4347 | D:4      | Found a glowing golden altar of the Shining One.
  4347 | D:4      | Found a sacrificial altar of Ru.
  4347 | D:4      | Found a burning altar of Makhleb.
  4347 | D:4      | Found a white marble altar of Elyvilon.
  4348 | D:4      | Found a bloodstained altar of Trog.
  4350 | D:4      | Found a shattered altar of Ashenzari.
  4380 | D:4      | Became a worshipper of Warmaster Okawaru
  4740 | D:4      | Reached skill level 5 in Fighting
  5079 | D:5      | Entered Level 5 of the Dungeon
  5087 | D:5      | Noticed a sky beast
  5108 | D:4      | Killed a sky beast
  5108 | D:4      | Reached XP level 7. HP: 55/74 MP: 7/7
  5195 | D:5      | Reached skill level 7 in Throwing
  5548 | D:5      | HP: 2/75 [giant frog zombie (5)]
  5549 | D:5      | Slain by a sky beast

Skill      XL: |  1  2  3  4  5  6  7 |
---------------+----------------------+-----
Throwing       | 5 6 7 |  7.0
Fighting       | 3 4 5 6 |  6.2
Maces & Flails | 2 |  2.4
Dodging        | |  1.7
Stealth        | |  0.7

Action                   |  1- 3 |  4- 6 |  7- 9 || total
-------------------------+-------+-------+-------++-------
Melee: Short sword       |    80 |    91 |       ||   171
       Club              |       |    94 |       ||    94
       Mace              |       |    81 |       ||    81
       Flail             |       |    19 |    33 ||    52
Throw: Large rock        |     9 |    34 |     4 ||    47
       Throwing net      |       |     5 |       ||     5
       Tomahawk          |       |     9 |       ||     9
  Use: Potion            |       |     6 |     1 ||     7
       Scroll            |       |       |     6 ||     6
 Stab: Distracted        |       |     1 |       ||     1
  Eat: Meat ration       |       |     1 |       ||     1
       Chunk             |       |     6 |       ||     6
       Bread ration      |       |     2 |       ||     2
Armor: Robe              |    14 |   145 |    18 ||   177
Dodge: Dodged            |    29 |   212 |    37 ||   278
